 Dungeon Crawl Stone Soup version 0.29-b1-12-g9e2288ab2a (webtiles) character file.

Game seed: 2780771890535047002

1 NinjaNoafa the Charlatan (level 1, 16/16 HPs)
             Began as a Palentonga Artificer on Aug 24, 2022.
             Quit the game on level 1 of the Dungeon.
             The game lasted 00:00:10 (162 turns).

NinjaNoafa the Charlatan (Palentonga Artificer)      Turns: 162, Time: 00:00:11

Health: 16/16      AC:  4    Str: 17    XL:     1   Next: 16%
Magic:  1/1        EV:  9    Int: 11    God:
Gold:   25         SH:  0    Dex: 10    Spells: 0/0 levels left

rFire   . . .      SeeInvis +   a - +0 club
rCold   . . .      Faith    .   (no shield)
rNeg    . . .      Spirit   .   b - +0 leather armour
rPois   .          Reflect  .   (no helmet)
rElec   .          Harm     .   (no cloak)
rCorr   .          Rampage  .   (no gloves)
Will    .....                   (no barding)
Stlth   +.........              (no amulet)
HPRegen 0.05/turn               (no ring)
MPRegen 0.07/turn               (no ring)

@: no status effects
A: large, rugged brown scales 3, see invisible, deformed body, roll 1, armoured
tail
a: Rolling Charge


You were on level 1 of the Dungeon.
You visited 1 branch of the dungeon, and saw 1 of its levels.

You collected 25 gold pieces.

Inventory:

Hand Weapons
 a - a +0 club (weapon)
Armour
 b - a +0 leather armour (worn)
Wands
 c - a wand of flame (14) (quivered)
 d - a wand of charming (15)
 e - a wand of iceblast (5)
Scrolls
 f - 2 scrolls of identify {unknown}


   Skills:
 + Level 1.0 Fighting
 + Level 1.5 Armour
 + Level 0.7 Dodging
 + Level 0.5 Stealth
 + Level 2.7 Evocations


You couldn't memorise any spells.
You didn't know any spells.
Your spell library was empty.

Dungeon Overview and Level Annotations

Branches:
Dungeon (1/15)

Altars:


Innate Abilities, Weirdness & Mutations

You are completely covered in rugged brown scales. (AC +3, +7% HP)
You have supernaturally acute eyesight. (SInv)
Armour fits poorly on your strangely shaped body.
You can roll at nearby foes to attack.
You have a long armoured tail.


Message History

Welcome, NinjaNoafa the Palentonga Artificer.
Will you be the one to retrieve the sublime Orb of Zot from the depths?
Press ? for a list of commands and other information.
Found a staircase leading out of the dungeon.
Unknown command.
You open the door.
There is an open door here.
You open the large door.
There is a large open door here.
There is a large open door here.
You now have 17 gold pieces.
You now have 25 gold pieces (gained 8).
f - a scroll labelled HIXEAZ YDURGHUR You open the door.
There is an open door here.
Found a mace.
Found a scale mail.
f - 2 scrolls labelled HIXEAZ YDURGHUR (gained 1)
A hobgoblin comes into view.
Found an amethyst potion.
Aiming: Throw Flame
Press: ? - help, Shift-Dir - straight line, f - hobgoblin
Aim: a hobgoblin (asleep, 100% to hit)
The puff of flame hits the hobgoblin.
The hobgoblin is almost dead.
The hobgoblin hits you.
You hit the hobgoblin but do no damage.
Your tail-slap misses the hobgoblin.
The hobgoblin is severely wounded.
The hobgoblin hits you but does no damage.
You barely miss the hobgoblin. You tail-slap the hobgoblin.
You kill the hobgoblin!
HP restored.
An endoplasm comes into view.
Are you sure you want to abandon this character and quit the game? (Confirm with "yes".)

## #.# #.##.#
#..#.#######
#..#.##....# [#
####..#.##....# .#
#.....#..+†...+ +
.####.....#..#....##.#..
........................
..........#.#...@.....#
.......#..#.#.........#
.......#....#...........
.......+...............J
.......#..#.............
####..##..#.............
##....##........#...!...
##..............####..#.
+.........


You could see an endoplasm (asleep).

Vanquished Creatures
  A hobgoblin (D:1)
1 creature vanquished.

Notes
Turn   | Place    | Note
-------+----------+-------------------------------------------
     0 | D:1      | NinjaNoafa the Palentonga Artificer began the quest for the
                  | Orb.
     0 | D:1      | Reached XP level 1. HP: 16/16 MP: 1/1
   162 | D:1      | Quit the game

Illustrated notes

Levels and vault maps discovered:
D:1:      evilmike_arrival_crescent, layout_basic, st_stairs_5,
          serial_bayou_lagoon_b

Action                   || total
-------------------------++-------
Melee: Club              ||     2
       Tailslap          ||     1
Evoke: Wand              ||     1
Armor: Leather armour    ||     1
